 Dungeon Crawl Stone Soup version 0.19.1 (webtiles) character file.

1526 Milesaru the Grappler (level 8, -2/79 HPs)
             Began as a Troll Monk on Dec 15, 2016.
             Slain by Milesaru's ghost (19 damage)
             ... on level 6 of the Dungeon.
             The game lasted 00:08:21 (3218 turns).

Milesaru the Grappler (Troll Monk)                  Turns: 3218, Time: 00:08:22

Health: -2/79      AC:  7    Str: 20    XL:     8   Next: 54%
Magic:  7/7        EV: 12    Int:  1    God:
Gold:   243        SH:  0    Dex: 14    Spells: 0 memorised, 7 levels left

rFire  . . .     SeeInvis .     s - +10 quarterstaff "Orebb" {drain, rElec rN++ MR+ Int-5}
rCold  . . .     Gourm    +     a - +0 robe
rNeg   + + .     Faith    .     (shield currently unavailable)
rPois  .         Spirit   .     (helmet restricted)
rElec  +         Reflect  .     r - +1 cloak
rCorr  .         Harm     .     (gloves unavailable)
MR     +....                    (boots unavailable)
Stlth  ++........               (no amulet)
                                (no ring)
                                (no ring)

@: no status effects
A: unfitting armour, claws 3, fast metabolism 3, gourmand, regeneration 1,
shaggy fur 1, tough skin 2
a: no special abilities


You were on level 6 of the Dungeon.
You were full.

You visited 2 branches of the dungeon, and saw 7 of its levels.

You collected 243 gold pieces.

Inventory:

Hand Weapons
 s - the +10 quarterstaff "Orebb" (weapon) {drain, rElec rN++ MR+ Int-5}
   (You found it on level 4 of the Dungeon)

   A truly terrible weapon, it drains the life of those it strikes.
   It affects your intelligence (-5).
   It insulates you from electricity.
   It greatly protects you from negative energy.
   It affects your resistance to hostile enchantments.
Missiles
 k - 2 throwing nets (quivered)
Armour
 a - a +0 robe (worn)
 r - a +1 cloak (worn)
Jewellery
 e - an uncursed ring of positive energy {unknown}
 m - a +6 ring of strength {unknown}
 t - an uncursed amulet of guardian spirit {unknown}
 v - an uncursed ring of magical power {unknown}
Wands
 l - a wand of digging (7/24)
Scrolls
 f - a scroll of fog {unknown}
 g - 3 scrolls of identify {unknown}
 j - a scroll of random uselessness {unknown}
 n - 3 scrolls of teleportation {unknown}
 o - a scroll of blinking {unknown}
 p - a scroll of enchant armour {unknown}
 w - 2 scrolls of remove curse {unknown}
 x - a scroll of fear {unknown}
Potions
 c - 4 potions of curing {unknown}
 d - a potion of magic {unknown}
 h - 3 potions of heal wounds {unknown}
 i - a potion of might {unknown}
 q - 3 potions of degeneration {unknown}
 u - a potion of invisibility {unknown}
 z - a potion of berserk rage {unknown}
 A - a potion of haste {unknown}
 B - a potion of resistance {unknown}
Comestibles
 b - 4 bread rations
 C - a meat ration


   Skills:
 + Level 4.7 Fighting
 + Level 5.2 Dodging
 - Level 1.0 Stealth
 * Level 8.4 Unarmed Combat


You had 7 spell levels left.
You didn't know any spells.

Dungeon Overview and Level Annotations

Branches:
Dungeon (6/15)             Temple (1/1) D:4

Altars:
Ashenzari
Cheibriados
Dithmenos
Elyvilon
Fedhas
Hepliaklqana
Kikubaaqudgha
Makhleb
Nemelex Xobeh
Qazlal
Ru
Sif Muna
Trog
Uskayaw
Vehumet
Xom
Yredelemnul
Zin
The Shining One

Shops:
D:3 *   D:4 }

Annotations:
D:6 Milesaru's ghost, novice TrMo


Innate Abilities, Weirdness & Mutations

You are too large for most types of armour.
You have claws for hands.
Your metabolism is lightning-fast.
You like to eat raw meat.
Your natural rate of healing is unusually fast.
You are covered in fur. (AC +1)
You have very tough skin. (AC +2)


Message History

a stone; a black bear corpse; a sky beast corpse You sock the phantom!
The phantom is severely damaged.
The phantom hits you but does no damage.
Milesaru's ghost misses you.
You sock the phantom!
You destroy the phantom!
Milesaru's ghost hits you but does no damage.
The crimson imp throws a stone.
The stone hits you.
You miss Milesaru's ghost. Milesaru's ghost hits you!!
The crimson imp throws a stone.
The stone hits you but does no damage.
The crimson imp throws a stone.
The stone barely misses you. Milesaru's ghost hits you!!
* * * LOW HITPOINT WARNING * * *
You are too injured to fight recklessly!
The crimson imp throws a stone.
The stone barely misses you.
Milesaru's ghost says, "I died to destroy people like you for fun."
You see here a stone.
Milesaru's ghost hits you!!
You die...

#.#..(<.............#
#.#..........#.#.####
#..#........##...#
##.##......#####.#
#.######### #... #.#
####.. #.## ..
#..########### .
#####..@((.......
#.......W.#########
#########(####.....
#5(.......#
#..†.......
#..........
#.........#
#..........
#.##.#.....


You could see Milesaru's ghost and a crimson imp.

Vanquished Creatures
  A water moccasin (D:5)
  A sky beast (D:6)
  The ghost of Milesaru the Ruffian, an amateur TrMo (D:3)
  A black bear (D:6)
  An orc warrior (D:4)
  An ice beast (D:4)
  A phantom (D:6)
  A centaur (D:5)
  2 ogres (D:4)
  A big kobold (D:5)
  4 howler monkeys
  A crimson imp (D:6)
  A hound (D:3)
  A bullfrog skeleton (D:5)
  Crazy Yiuf (D:3)
  A worker ant (D:4)
  Terence (D:3)
  A hound skeleton (D:5)
  4 adders
  4 gnolls (D:2)
  A shadow imp (D:4)
  3 oozes
  An adder skeleton (D:4)
  3 worms
  3 dart slugs
  3 leopard geckos
  17 orcs
  10 bats
  7 giant cockroaches
  4 goblins
  6 hobgoblins
  6 jackals
  12 kobolds
  A quokka (D:3)
  2 ball pythons
  7 frilled lizards
  10 rats
126 creatures vanquished.

Notes
Turn   | Place    | Note
-------+----------+-------------------------------------------
     0 | D:1      | Milesaru the Troll Monk began the quest for the Orb.
     0 | D:1      | Reached XP level 1. HP: 22/22 MP: 0/0
   135 | D:1      | Reached XP level 2. HP: 27/29 MP: 1/1
   880 | D:2      | Reached XP level 3. HP: 36/36 MP: 2/2
  1027 | D:2      | Reached skill level 4 in Unarmed Combat
  1029 | D:2      | Reached XP level 4. HP: 14/44 MP: 3/3
  1537 | D:3      | Found Zin's Purification Station.
  1538 | D:3      | Found a glowing silver altar of Zin.
  1635 | D:3      | Noticed Terence
  1643 | D:3      | Killed Terence
  1643 | D:3      | Reached XP level 5. HP: 53/53 MP: 4/4
  1665 | D:3      | Noticed Milesaru's ghost (amateur TrMo)
  1677 | D:3      | Killed Milesaru's ghost
  1677 | D:3      | Reached skill level 5 in Unarmed Combat
  1750 | D:3      | Reached XP level 6. HP: 53/61 MP: 5/5
  1860 | D:3      | Found a runed door.
  2001 | D:3      | Noticed Crazy Yiuf
  2005 | D:3      | Killed Crazy Yiuf
  2108 | D:4      | Got an ancient quarterstaff
  2109 | D:4      | Identified the +10 quarterstaff "Orebb" {drain, rElec rN++ MR+ Int-5} (You found it on level 4 of the Dungeon)
  2118 | D:4      | Noticed an ice beast
  2124 | D:4      | Reached skill level 6 in Unarmed Combat
  2129 | D:4      | Killed an ice beast
  2129 | D:4      | Reached XP level 7. HP: 55/68 MP: 6/6
  2151 | D:4      | Found a white marble altar of Elyvilon.
  2210 | D:4      | Found a staircase to the Ecumenical Temple.
  2249 | Temple   | Entered the Ecumenical Temple
  2341 | D:4      | Found Fenal's Gadget Emporium.
  2416 | D:4      | Found a sparkling altar of Nemelex Xobeh.
  2553 | D:5      | Entered Level 5 of the Dungeon
  2594 | D:5      | Reached skill level 7 in Unarmed Combat
  2639 | D:5      | Reached XP level 8. HP: 75/78 MP: 7/7
  2674 | D:5      | Found a burning altar of Makhleb.
  2685 | D:5      | Found a shadowy altar of Dithmenos.
  2746 | D:5      | Found a deep blue altar of Sif Muna.
  3199 | D:6      | Noticed Milesaru's ghost (novice TrMo)
  3207 | D:6      | Reached skill level 5 in Dodging
  3207 | D:6      | Reached skill level 8 in Unarmed Combat
  3218 | D:6      | Slain by Milesaru's ghost

Skill      XL: |  1  2  3  4  5  6  7  8 |
---------------+-------------------------+-----
Unarmed Combat | 4 5 6 7 8 |  8.4
Fighting       | 3 4 |  4.7
Dodging        | 3 4 5 |  5.2
Stealth        | |  1.0

Action                   |  1- 3 |  4- 6 |  7- 9 || total
-------------------------+-------+-------+-------++-------
Melee: Unarmed           |    73 |   135 |       ||   208
       Punch             |     1 |     2 |       ||     3
       Quarterstaff      |       |     7 |    86 ||    93
 Stab: Sleeping          |     3 |     2 |     1 ||     6
  Eat: Chunk             |    10 |    15 |     7 ||    32
Armor: Robe              |    21 |    52 |    40 ||   113
Dodge: Dodged            |    41 |    85 |    96 ||   222
